 Dungeon Crawl Stone Soup version 0.24.1-14-gf8d2b509d9 (webtiles) character file.

Game seed: 13981858167495265170, levelgen mode: deterministic

4 mortelune the Ruffian (level 1, 0/18 HPs)
             Began as a Naga Transmuter on May 23, 2020.
             Slain by a hobgoblin
             ... wielding a cursed -1 club
              (2 damage)
             ... on level 1 of the Dungeon.
             The game lasted 00:00:31 (202 turns).

mortelune the Ruffian (Naga Transmuter)              Turns: 202, Time: 00:00:32

Health: 0/18       AC:  1    Str: 12    XL:     1   Next: 70%
Magic:  2/3        EV: 10    Int: 13    God:
Gold:   8          SH:  0    Dex: 11    Spells: 3/4 levels left

rFire    . . .     SeeInvis +     - Unarmed
rCold    . . .     Gourm    .   (no shield)
rNeg     . . .     Faith    .   b - +0 robe
rPois    +         Spirit   .   (no helmet)
rElec    .         Reflect  .   (no cloak)
rCorr    .         Harm     .   (no gloves)
MR       .....                  (no barding)
Stlth    +.........             (no amulet)
HPRegen  0.06/turn              (no ring)
MPRegen  0.08/turn              (no ring)

@: short of breath, appendage, very slow
A: large, horns 2, see invisible, deformed body, poison resistance, slowness 2,
slow metabolism 1, spit poison 1, AC +0
a: Spit Poison, End Transformation


You were on level 1 of the Dungeon.
You were not hungry.
You had grown temporary horns.
You visited 1 branch of the dungeon, and saw 1 of its levels.

You collected 8 gold pieces.

Inventory:

Missiles
 Q - 12 arrows
Armour
 a - a +0 buckler
 b - a +0 robe (worn)
Scrolls
 e - 2 scrolls of identify {unknown}
Comestibles
 c - 4 chunks of flesh
 d - 3 rations


   Skills:
 + Level 1.1 Fighting
 - Level 1.5 Dodging
 - Level 3.0 Unarmed Combat
 * Level 2.1 Spellcasting
 * Level 2.1 Transmutations


You had 3 spell levels left.
You knew the following spells:

 Your Spells              Type           Power        Failure   Level  Hunger
a - Beastly Appendage     Tmut           #.....       11%         1    ##.....

Your spell library contained the following spells:

 Spells                   Type           Power        Failure   Level  Hunger
 Sticks to Snakes         Tmut           #.......     16%         2    ###....
 Spider Form              Tmut/Pois      #.........   43%         3    ####...
 Ice Form                 Ice/Tmut       #.......     85%         4    #####..
 Blade Hands              Tmut           #.........   96%         5    ######.


Dungeon Overview and Level Annotations

Branches:
Dungeon (1/15)

Altars:


Innate Abilities, Weirdness & Mutations

You cannot wear boots.
Your serpentine skin is tough. (AC +0)
You have supernaturally acute eyesight. (SInv)
Armour fits poorly on your strangely shaped body.
Your system is resistant to poisons. (rPois)
You cover ground very slowly.
You have a slow metabolism.
You can spit poison.
You have a pair of horns on your head.


Message History

Aim: a hobgoblin, wielding a -1 club The splash of poison hits the hobgoblin.
The hobgoblin is poisoned.
The hobgoblin is almost dead.
You feel slightly more hungry. The bat hits you but does no damage.
The hobgoblin hits you with a cursed -1 club.
The frilled lizard bites you.
* * * LOW HITPOINT WARNING * * *
You barely miss the hobgoblin. Your punch misses the hobgoblin.
The hobgoblin is almost dead.
The bat barely misses you.
The hobgoblin hits you with a cursed -1 club.
* * * LOW HITPOINT WARNING * * *
The frilled lizard barely misses you.
You hit the hobgoblin but do no damage.
The hobgoblin is almost dead.
The bat barely misses you. The bat hits you.
* * * LOW HITPOINT WARNING * * *
The hobgoblin hits you with a cursed -1 club.
You die...

#. ...###.
##.#....#.#
.....#..# #
##!#[...## ..
........# ##.
#.......##. #...
#.......... .....
#.bgl...##.
...[..##..@.......
.$...=...........)
......##.#......##
...$. #....###.#
#... ##.#...#.#
### ##..#.#.#
#......# #.##.###
#.##.#


You could see a hobgoblin, a bat and a frilled lizard.

Vanquished Creatures
  A goblin (D:1)
  2 bats (D:1)
  2 rats (D:1)
5 creatures vanquished.

Notes
Turn   | Place    | Note
-------+----------+-------------------------------------------
     0 | D:1      | mortelune the Naga Transmuter began the quest for the Orb.
     0 | D:1      | Reached XP level 1. HP: 18/18 MP: 3/3
   202 | D:1      | Slain by a hobgoblin

Levels and vault maps discovered:
D:1:      dpeg_arrival_simpleton_a, layout_loops_ring, minmay_worlds_worst_comb

Action                   || total
-------------------------++-------
Melee: Unarmed           ||    20
       Headbutt          ||     1
 Cast: Beastly Appendage ||     4
 Abil: Spit Poison       ||     1
Armor: Robe              ||     3
Dodge: Dodged            ||    22
